 Dungeon Crawl Stone Soup version 0.31-a0-196-g86fe4a5e66 (webtiles) character file.

Game seed: 11431712856391671939

152 Maxmaps the Slasher (level 5, -2/38 HPs)
             Began as a Demonspawn Reaver on June 24, 2023.
             Succumbed to a goblin's poison
             ... on level 3 of the Dungeon.
             The game lasted 00:04:16 (2631 turns).

Maxmaps the Slasher (Demonspawn Reaver)             Turns: 2631, Time: 00:04:17

Health: -2/38      AC:  6    Str: 12    XL:     5   Next: 11%
Magic:  8/8        EV:  8    Int: 16    God:
Gold:   232        SH: 11    Dex: 12    Spells: 7/8 levels left

rFire   + . .        a - +0 falchion
rCold   + . .        c - +0 kite shield
rNeg    . . .        e - +1 ring mail {Will+}
rPois   +            (helmet restricted)
rElec   +            (no cloak)
rCorr   +            (no gloves)
SInv    .            (no boots)
Will    ++...        i - amulet of reflection
Stlth   +            (no ring)
HPRegen 0.26/turn    (no ring)
MPRegen 0.11/turn

%: reflection
@: brilliant, lethally poisoned (-2 -> -18), resistant, enlightened, flying
A: horns 2, demonic magic 1
a: no special abilities


You were on level 3 of the Dungeon.
You visited 1 branch of the dungeon, and saw 3 of its levels.

You collected 232 gold pieces.

Inventory:

Hand Weapons
 a - a +0 falchion (weapon)
Armour
 b - a +0 leather armour
 c - a +0 kite shield (worn)
 e - a +1 ring mail of willpower (worn)
 m - a +0 buckler
Magical Staves
 d - a staff of poison
Jewellery
 i - an amulet of reflection (around neck)
 o - a ring of see invisible
Wands
 l - a wand of iceblast (9)
Scrolls
 f - a scroll of enchant weapon {unknown}
 g - a scroll of blinking {unknown}
 k - 2 scrolls of fog {unknown}
 n - a scroll of immolation {unknown}


   Skills:
 - Level 2.0 Fighting
 + Level 5.3 Long Blades
 - Level 1.7 Dodging
 - Level 2.0 Spellcasting
 - Level 3.0 Conjurations


You had 7 spell levels left.
You knew the following spells:

 Your Spells              Type           Power      Damage    Failure   Level
a - Kiss of Death         Conj/Necr      36%        2d8       75%         1

Your spell library contained the following spells:

 Spells                   Type           Power      Damage    Failure   Level
 Momentum Strike          Conj/Tloc      18%        3d8       87%         2
 Hailstorm                Conj/Ice       9%         3d4       98%         3


Dungeon Overview and Level Annotations

Branches:
Dungeon (3/15)

Altars:

Shops:
D:2 =[(?


Innate Abilities, Weirdness & Mutations

You have a pair of horns on your head.
Spells you cast may paralyse adjacent enemies.


Message History

You feel very sick. The goblin hits you but does no damage.
You block the goblin's attack.
You closely miss the goblin. Your headbutt misses the goblin.
You feel very sick. The goblin hits you but does no damage.
You are lethally poisoned!
You are too injured to fight recklessly!
You are too injured to fight recklessly!
You are too injured to fight recklessly!
You are too injured to fight recklessly!
You are too injured to fight recklessly!
You are too injured to fight recklessly!
You are too injured to fight recklessly!
You are too injured to fight recklessly!
You are too injured to fight recklessly!
You are too injured to fight recklessly!
There is a lethal amount of poison in your body!
You are too injured to fight recklessly!
There is a lethal amount of poison in your body!
You are too injured to fight recklessly!
There is a lethal amount of poison in your body!
You are too injured to fight recklessly!
It was a potion of brilliance.
You feel clever all of a sudden.
You feel very sick. You block the goblin's attack.
It was a potion of enlightenment.
You feel very buoyant.
You fly up into the air.
* * * LOW HITPOINT WARNING * * *
You feel very sick.
The goblin hits you with a +1 dagger of venom.
* * * LOW HITPOINT WARNING * * *
You are more poisoned.
It was a potion of resistance.
You feel protected.
* * * LOW HITPOINT WARNING * * *
You feel very sick. The goblin hits you but does no damage.
You die...

##.# .#.####### #.##
.......... ..># .#.######
#..## .#.# #... #
.#.######### #..##.#.#
.#.......... #.....#.#
##.......... #.g##...#
#.......... #.@##.#.# ##
##.############..##.#.# .#
.............##..##.#.# .#
#............##..##.#.# .#
#............##..##.#.####.##
............................#
####.#########..............#
#.# ######.#.##..###..## #.#
#........#........#


You could see a goblin.

Vanquished Creatures
  A hound (D:3)
  4 adders
  A worm (D:2)
  3 dart slugs
  An orc (D:3)
  9 ball pythons
  4 bats
  3 endoplasms
  5 giant cockroaches
  11 goblins
  4 hobgoblins
  4 jackals (D:1)
  7 quokkas
  A frilled lizard (D:1)
  9 kobolds
  8 rats
75 creatures vanquished.

Notes
Turn   | Place    | Note
-------+----------+-------------------------------------------
     0 | D:1      | Maxmaps the Demonspawn Reaver began the quest for the Orb.
     0 | D:1      | Reached XP level 1. HP: 16/16 MP: 3/3
   183 | D:1      | Reached skill level 3 in Long Blades
   213 | D:1      | Gained mutation: You have a pair of small horns on your
                  | head. [demonic ancestry]
   213 | D:1      | Reached XP level 2. HP: 16/22 MP: 5/5
   817 | D:1      | Gained mutation: Spells you cast may paralyse adjacent
                  | enemies. [demonic ancestry]
   817 | D:1      | Reached XP level 3. HP: 27/27 MP: 6/6
   865 | D:1      | Reached skill level 4 in Long Blades
  1064 | D:2      | Found a faded altar of an unknown god.
  1372 | D:2      | Found Igee's Armour Boutique.
  1611 | D:2      | Found Siho's Weapon Shoppe.
  1613 | D:2      | Found Vefom's Magic Scroll Shop.
  1634 | D:2      | Gained mutation: You have a pair of horns on your head.
                  | [demonic ancestry]
  1634 | D:2      | Reached XP level 4. HP: 10/33 MP: 7/7
  1741 | D:2      | Found a transporter.
  1741 | D:2      | Found Haupsune's Jewellery Shop.
  1762 | D:2      | Found a transporter.
  2015 | D:3      | Reached skill level 5 in Long Blades
  2301 | D:3      | Reached XP level 5. HP: 38/38 MP: 8/8
  2631 | D:3      | Succumbed to a goblin's poison

Illustrated notes

Levels and vault maps discovered:
D:1:      dpeg_arrival_line_fractal, layout_basic
D:2:      wander_river, layout_rooms, ebering_ecumenical_altar_mist,
          serial_shops, nicolae_shop_drivethru, shop, shop, shop,
          minmay_pentomino_t2
D:3:      layout_basic

Skill      XL: |  1  2  3  4 |
---------------+-------------+-----
Long Blades    | 3 4 5 |  5.3
Fighting       | |  2.0
Dodging        | |  1.7
Spellcasting   | |  2.0
Conjurations   | |  3.0

Action                     |  1- 3 |  4- 6 || total
---------------------------+-------+-------++-------
  Melee: Falchion          |   183 |    54 ||   237
         Punch             |     1 |       ||     1
         Headbutt          |    18 |     7 ||    25
    Use: Potion            |       |     3 ||     3
 Armour: Leather armour    |    17 |       ||    17
         Ring mail         |    79 |    28 ||   107
  Dodge: Dodged            |    93 |    16 ||   109
  Block: Kite shield       |    53 |    30 ||    83
         Reflection        |       |     1 ||     1

Table legend: (Time is in decaauts)
 A = Elapsed time spent in this place.
 B = Non-inter-level travel time spent in this place.
 C = Inter-level travel time spent in this place.
 D = Time resting spent in this place.
 E = Time spent auto-exploring this place.
 F = Levels seen in this place.
 G = Mean time per level.
                   A        B        C        D        E       F      G
               +--------+--------+--------+--------+--------+-----+--------+
         Total |   2729 |   2558 |    171 |     80 |   1860 |   3 |  909.7 |
       Dungeon |   2729 |   2558 |    171 |     80 |   1860 |   3 |  909.7 |
               +--------+--------+--------+--------+--------+-----+--------+

Top non-repeatable levels by time:
     D:1: 1094 daAuts
     D:2: 915 daAuts
     D:3: 720 daAuts
